| TOP OF THE 1ST |
|
Chicago (APP) Cubs batting - Pitching for Helena Brewers : LHP Mamoru Okazaki
|
|
Pitching: LHP Mamoru Okazaki
|
|
|
Batting: RHB Lencho Otieno
|
0-0: Called Strike 0-1: Swinging Strike 0-2: Ball 1-2: Ball 2-2: Strikes out swinging
|
|
Batting: RHB Jorge Gonzalez
|
0-0: Ball 1-0: Fly out, F9 (Flyball, 9D, EV 77.5 MPH)
|
|
Batting: LHB Jose Mafano
|
0-0: Called Strike 0-1: Ball 1-1: Foul Ball, location: 2F 1-2: Strikes out swinging
|
| Top of the 1st over - 0 runs, 0 hits, 0 errors, 0 left on base; Chicago (APP) 0 - Helena 0 |
| BOTTOM OF THE 1ST |
|
Helena Brewers batting - Pitching for Chicago (APP) Cubs : RHP Rob Craft
|
|
Pitching: RHP Rob Craft
|
|
|
Batting: LHB Andy Buschlen
|
0-0: Ball 1-0: Foul Ball, location: 2F 1-1: Ball 2-1: Ball 3-1: Base on Balls
|
|
Batting: RHB Austin Doig
|
0-0: Swinging Strike 0-1: Foul Ball, location: 2F 0-2: Ball Wild Pitch! Andy Buschlen to second 1-2: Ball 2-2: Ball Passed Ball! Andy Buschlen to third 3-2: Strikes out swinging
|
|
Batting: RHB Manny Olave
|
0-0: Ball 1-0: Ball 2-0: Called Strike 2-1: Ground out 1-3 (Groundball, 13S, EV 68.1 MPH)
|
|
Batting: LHB Tony Hasbun
|
0-0: Called Strike 0-1: Foul Ball, location: 2F 0-2: Foul Ball, location: 2F 0-2: Strikes out swinging
|
| Bottom of the 1st over - 0 runs, 0 hits, 0 errors, 1 left on base; Chicago (APP) 0 - Helena 0 |
| TOP OF THE 2ND |
|
Chicago (APP) Cubs batting - Pitching for Helena Brewers : LHP Mamoru Okazaki
|
|
Batting: RHB Andy Baumhardt
|
0-0: Ball 1-0: Called Strike 1-1: Called Strike 1-2: Ball 2-2: Reached on error, E6 (Groundball, 6M, EV 99.4 MPH)
|
|
Batting: SHB Jim Lloyd
|
0-0: Fielders Choice at 2nd, 6-4 (Groundball, 6D, EV 109.4 MPH)
|
|
Batting: RHB Andy Villarreal
|
0-0: Fielders Choice at 2nd, 5-4 (Groundball, 56, EV 85.0 MPH)
|
|
Batting: LHB Wilhelm Myers
|
0-0: Swinging Strike 0-1: Swinging Strike 0-2: Strikes out swinging
|
| Top of the 2nd over - 0 runs, 0 hits, 1 error, 1 left on base; Chicago (APP) 0 - Helena 0 |
| BOTTOM OF THE 2ND |
|
Helena Brewers batting - Pitching for Chicago (APP) Cubs : RHP Rob Craft
|
|
Batting: LHB Jose Simental
|
0-0: SINGLE (Line Drive, 8LS, EV 97.5 MPH)
|
|
Batting: LHB Alex Chairez
|
0-0: Ball Wild Pitch! Jose Simental to second 1-0: Reached on error, E5 (Groundball, 56S, EV 84.4 MPH) Jose Simental to third
|
|
Batting: RHB Steve Errico
|
0-0: Ball Passed Ball! Jose Simental scores Alex Chairez to second 1-0: Swinging Strike Passed Ball! Alex Chairez to third 1-1: Foul Ball, location: 2F 1-2: Strikes out swinging
|
|
Batting: RHB Mohammed bin Ubaida
|
0-0: Ball 1-0: Ball 2-0: Called Strike 2-1: Ball 3-1: Fly out, F7 (Flyball, 7, EV 87.5 MPH) Runner from 3rd tags up, SCORES, throw by LF
|
|
Batting: RHB Gil Sanchez
|
0-0: Fly out, F4 (Line Drive, 34, EV 69.4 MPH)
|
| Bottom of the 2nd over - 2 runs, 1 hit, 1 error, 0 left on base; Chicago (APP) 0 - Helena 2 |
| TOP OF THE 3RD |
|
Chicago (APP) Cubs batting - Pitching for Helena Brewers : LHP Mamoru Okazaki
|
|
Batting: SHB Joshua Vincent
|
0-0: Called Strike 0-1: Called Strike 0-2: Ball 1-2: Strikes out swinging
|
|
Batting: LHB Eddie Panagos
|
0-0: Foul Ball, location: 2F 0-1: Swinging Strike 0-2: Strikes out swinging
|
|
Batting: RHB Lencho Otieno
|
0-0: Ball 1-0: Swinging Strike 1-1: Ball 2-1: Ball 3-1: Foul Ball, location: 2F 3-2: Base on Balls
|
|
Batting: RHB Jorge Gonzalez
|
0-0: Ball 1-0: Ball 2-0: Foul Ball, location: 2F 2-1: Called Strike Lencho Otieno steals 2nd, throwing error, E2 Lencho Otieno to third 2-2: Foul Ball, location: 2F 2-2: Ball 3-2: Strikes out swinging
|
| Top of the 3rd over - 0 runs, 0 hits, 1 error, 1 left on base; Chicago (APP) 0 - Helena 2 |
| BOTTOM OF THE 3RD |
|
Helena Brewers batting - Pitching for Chicago (APP) Cubs : RHP Rob Craft
|
|
Batting: LHB Andy Buschlen
|
0-0: Ball 1-0: Swinging Strike 1-1: Foul Ball, location: 2F 1-2: Foul Ball, location: 2F 1-2: Foul Ball, location: 2F 1-2: Foul Ball, location: 2F 1-2: Strikes out swinging, 2-3 out at first.
|
|
Batting: RHB Austin Doig
|
0-0: SINGLE (Line Drive, 89S, EV 87.5 MPH)
|
|
Batting: RHB Manny Olave
|
0-0: Ball 1-0: Foul Ball, location: 2F 1-1: Ball 2-1: Grounds into double play, 4-6-3 (Groundball, 34S, EV 81.2 MPH)
|
| Bottom of the 3rd over - 0 runs, 1 hit, 0 errors, 0 left on base; Chicago (APP) 0 - Helena 2 |
| TOP OF THE 4TH |
|
Chicago (APP) Cubs batting - Pitching for Helena Brewers : LHP Mamoru Okazaki
|
|
Batting: LHB Jose Mafano
|
0-0: Foul Ball, location: 2F 0-1: Swinging Strike 0-2: Ball 1-2: Strikes out swinging
|
|
Batting: RHB Andy Baumhardt
|
0-0: Swinging Strike 0-1: Called Strike 0-2: Ball 1-2: Ball 2-2: Ball 3-2: Foul Ball, location: 2F 3-2: Foul Ball, location: 2F 3-2: Foul Ball, location: 2F 3-2: Strikes out swinging
|
|
Batting: SHB Jim Lloyd
|
0-0: SINGLE (Groundball, 6MD, EV 100.6 MPH)
|
|
Batting: RHB Andy Villarreal
|
0-0: Called Strike 0-1: Swinging Strike 0-2: Foul Ball, location: 2F 0-2: Foul Ball, location: 2F 0-2: Ball Jim Lloyd is caught stealing 2nd base 2-4
|
| Top of the 4th over - 0 runs, 1 hit, 0 errors, 0 left on base; Chicago (APP) 0 - Helena 2 |
| BOTTOM OF THE 4TH |
|
Helena Brewers batting - Pitching for Chicago (APP) Cubs : RHP Rob Craft
|
|
Batting: LHB Tony Hasbun
|
0-0: Called Strike 0-1: Called Strike 0-2: Ball 1-2: Strikes out swinging
|
|
Batting: LHB Jose Simental
|
0-0: Called Strike 0-1: Ball 1-1: SINGLE (Groundball, 3D, EV 110.6 MPH)
|
|
Batting: LHB Alex Chairez
|
0-0: Ball Passed Ball! Jose Simental to second 1-0: Ball Passed Ball! Jose Simental to third 2-0: Ground out 4-3 (Groundball, 4, EV 86.9 MPH) Jose Simental scores
|
|
Batting: RHB Steve Errico
|
0-0: Called Strike 0-1: Fly out, F8 (Flyball, 89M, EV 88.8 MPH)
|
| Bottom of the 4th over - 1 run, 1 hit, 0 errors, 0 left on base; Chicago (APP) 0 - Helena 3 |
| TOP OF THE 5TH |
|
Chicago (APP) Cubs batting - Pitching for Helena Brewers : LHP Mamoru Okazaki
|
|
Batting: RHB Andy Villarreal
|
0-0: Ball 1-0: Ball 2-0: Ground out 6-3 (Groundball, 6, EV 81.9 MPH)
|
|
Batting: LHB Wilhelm Myers
|
0-0: Foul Ball, location: 2F 0-1: Swinging Strike 0-2: Ball 1-2: Strikes out swinging
|
|
Batting: SHB Joshua Vincent
|
0-0: Called Strike 0-1: Fly out, F8 (Flyball, 8RD, EV 93.8 MPH)
|
| Top of the 5th over - 0 runs, 0 hits, 0 errors, 0 left on base; Chicago (APP) 0 - Helena 3 |
| BOTTOM OF THE 5TH |
|
Helena Brewers batting - Pitching for Chicago (APP) Cubs : RHP Rob Craft
|
|
Batting: RHB Mohammed bin Ubaida
|
0-0: Swinging Strike 0-1: Foul Ball, location: 2F 0-2: Strikes out swinging
|
|
Batting: RHB Gil Sanchez
|
0-0: Ball 1-0: Ball 2-0: Swinging Strike 2-1: Foul Ball, location: 2F 2-2: Ball 3-2: Foul Ball, location: 2F 3-2: Base on Balls
|
|
Batting: LHB Andy Buschlen
|
0-0: Called Strike 0-1: Ball 1-1: Called Strike 1-2: Ball Passed Ball! Gil Sanchez to second 2-2: Fly out, F7 (Flyball, 7D, EV 84.4 MPH) Runner from 2nd tags up, SAFE at 3rd, no throw by LF
|
|
Batting: RHB Austin Doig
|
0-0: Called Strike 0-1: Ball 1-1: Ball Passed Ball! Gil Sanchez scores 2-1: Swinging Strike 2-2: Ground out 5-3 (Groundball, 56, EV 90.6 MPH)
|
| Bottom of the 5th over - 1 run, 0 hits, 0 errors, 0 left on base; Chicago (APP) 0 - Helena 4 |
| TOP OF THE 6TH |
|
Chicago (APP) Cubs batting - Pitching for Helena Brewers : LHP Mamoru Okazaki
|
|
Batting: LHB Eddie Panagos
|
0-0: Ball 1-0: Ball 2-0: Foul Ball, location: 2F 2-1: Ground out 4-3 (Groundball, 4, EV 93.8 MPH)
|
|
Batting: RHB Lencho Otieno
|
0-0: Called Strike 0-1: Ball 1-1: Called Strike 1-2: Ball 2-2: Foul Ball, location: 2F 2-2: Strikes out swinging
|
|
Batting: RHB Jorge Gonzalez
|
0-0: Ball 1-0: SINGLE (Groundball, 34D, EV 98.1 MPH)
|
|
Pitching: RHP Angel Pacheco
|
|
|
Batting: LHB Jose Mafano
|
0-0: Called Strike 0-1: Ball 1-1: Foul Ball, location: 2F 1-2: Strikes out swinging
|
| Top of the 6th over - 0 runs, 1 hit, 0 errors, 1 left on base; Chicago (APP) 0 - Helena 4 |
| BOTTOM OF THE 6TH |
|
Helena Brewers batting - Pitching for Chicago (APP) Cubs : RHP Rob Craft
|
|
Batting: RHB Manny Olave
|
0-0: Called Strike 0-1: Called Strike 0-2: Foul Ball, location: 2F 0-2: Ball 1-2: Ball 2-2: Ball 3-2: Strikes out looking
|
|
Batting: LHB Tony Hasbun
|
0-0: Foul Ball, location: 2F 0-1: Ground out 3-1 (Groundball, 34, EV 84.4 MPH)
|
|
Batting: LHB Jose Simental
|
0-0: Called Strike 0-1: Swinging Strike 0-2: Ball 1-2: Ball 2-2: Strikes out looking
|
| Bottom of the 6th over - 0 runs, 0 hits, 0 errors, 0 left on base; Chicago (APP) 0 - Helena 4 |
| TOP OF THE 7TH |
|
Chicago (APP) Cubs batting - Pitching for Helena Brewers : RHP Angel Pacheco
|
|
Batting: RHB Andy Baumhardt
|
0-0: Foul Ball, location: 2F 0-1: Ball 1-1: Called Strike 1-2: Ball 2-2: Ball 3-2: Strikes out looking
|
|
Batting: SHB Jim Lloyd
|
0-0: Fly out, F8 (Flyball, 8LM, EV 90.0 MPH)
|
|
Batting: RHB Andy Villarreal
|
0-0: SINGLE (Groundball, 4, EV 100.6 MPH)
|
|
Batting: LHB Wilhelm Myers
|
0-0: Ball 1-0: Ball 2-0: Foul Ball, location: 2F 2-1: Foul Ball, location: 2F 2-2: Strikes out looking
|
| Top of the 7th over - 0 runs, 1 hit, 0 errors, 1 left on base; Chicago (APP) 0 - Helena 4 |
| BOTTOM OF THE 7TH |
|
Helena Brewers batting - Pitching for Chicago (APP) Cubs : RHP Rob Craft
|
|
Batting: LHB Alex Chairez
|
0-0: Ball 1-0: Called Strike 1-1: Foul Ball, location: 2F 1-2: Ball 2-2: Foul Ball, location: 2F 2-2: Fly out, F8 (Flyball, 8LD, EV 94.4 MPH)
|
|
Batting: RHB Steve Errico
|
0-0: Called Strike 0-1: Ball 1-1: Ball 2-1: Swinging Strike 2-2: Ball 3-2: Base on Balls
|
|
Batting: RHB Mohammed bin Ubaida
|
0-0: Swinging Strike 0-1: Ball 1-1: DOUBLE (Flyball, 8LXD, EV 106.2 MPH) Steve Errico to third
|
|
Batting: RHB Gil Sanchez
|
0-0: Called Strike 0-1: Called Strike 0-2: Ball 1-2: Foul Ball, location: 2F 1-2: Strikes out swinging
|
|
Pitching: RHP Mike Reusch
|
|
|
Batting: LHB Andy Buschlen
|
0-0: Swinging Strike 0-1: Ball 1-1: Ball 2-1: 3-RUN HOME RUN (Flyball, 9D, EV 98.1 MPH), Distance : 370 ft
|
|
Batting: RHB Austin Doig
|
0-0: Ground out 6-3 (Groundball, 6, EV 95.6 MPH)
|
| Bottom of the 7th over - 3 runs, 2 hits, 0 errors, 0 left on base; Chicago (APP) 0 - Helena 7 |
| TOP OF THE 8TH |
|
Chicago (APP) Cubs batting - Pitching for Helena Brewers : RHP Angel Pacheco
|
|
Batting: SHB Joshua Vincent
|
0-0: Called Strike 0-1: Ground out 1-3 (Groundball, 13, EV 73.1 MPH)
|
|
Batting: LHB Eddie Panagos
|
0-0: Ball 1-0: Ball 2-0: Foul Ball, location: 2F 2-1: Swinging Strike 2-2: Strikes out swinging
|
|
Batting: RHB Lencho Otieno
|
0-0: Foul Ball, location: 2F 0-1: Foul Ball, location: 2F 0-2: Ball 1-2: Strikes out swinging
|
| Top of the 8th over - 0 runs, 0 hits, 0 errors, 0 left on base; Chicago (APP) 0 - Helena 7 |
| BOTTOM OF THE 8TH |
|
Helena Brewers batting - Pitching for Chicago (APP) Cubs : RHP Mike Reusch
|
|
Batting: RHB Manny Olave
|
0-0: SOLO HOME RUN (Flyball, 78XD, EV 112.5 MPH), Distance : 431 ft
|
|
Batting: LHB Tony Hasbun
|
0-0: SINGLE (Flyball, 9LS, EV 85.6 MPH)
|
|
Batting: LHB Jose Simental
|
0-0: Ball Passed Ball! Tony Hasbun to second 1-0: Ball 2-0: Ball 3-0: Called Strike 3-1: Foul Ball, location: 2F 3-2: Base on Balls
|
|
Batting: LHB Alex Chairez
|
0-0: Ball Passed Ball! Tony Hasbun to third Jose Simental to second 1-0: Called Strike 1-1: Ground out 6-3 (Groundball, 6M, EV 98.8 MPH) Tony Hasbun scores Jose Simental to third
|
|
Batting: RHB Steve Errico
|
0-0: Ball 1-0: Ball 2-0: Ball 3-0: Base on Balls
|
|
Pitching: RHP Man-keung Li
|
|
|
Batting: RHB Mohammed bin Ubaida
|
0-0: Ball Passed Ball! Jose Simental scores Steve Errico to second 1-0: SINGLE (Flyball, 7LS, EV 83.1 MPH) Steve Errico to third
|
|
Batting: RHB Gil Sanchez
|
0-0: Swinging Strike Passed Ball! Steve Errico scores Mohammed bin Ubaida to second 0-1: Foul Ball, location: 2F 0-2: SINGLE (Line Drive, 9S, EV 108.1 MPH) Mohammed bin Ubaida to third
|
|
Batting: LHB Andy Buschlen
|
0-0: Called Strike 0-1: Ball 1-1: Called Strike 1-2: Strikes out swinging
|
|
Batting: RHB Austin Doig
|
0-0: Ball 1-0: Ball Passed Ball! Mohammed bin Ubaida scores Gil Sanchez to second 2-0: Ball Passed Ball! Gil Sanchez to third 3-0: Base on Balls
|
|
Batting: RHB Manny Olave
|
0-0: Swinging Strike 0-1: Ball 1-1: Foul Ball, location: 2F 1-2: Foul Ball, location: 2F 1-2: 3-RUN HOME RUN (Flyball, 7D, EV 97.5 MPH), Distance : 380 ft
|
|
Pitching: RHP Robbie Schoen
|
|
|
Batting: LHB Tony Hasbun
|
0-0: Ball 1-0: Ball 2-0: Ball 3-0: Base on Balls
|
|
Batting: LHB Jose Simental
|
0-0: Foul Ball, location: 2F 0-1: Ball Passed Ball! Tony Hasbun to second 1-1: Foul Ball, location: 2F 1-2: Strikes out looking
|
| Bottom of the 8th over - 8 runs, 5 hits, 0 errors, 1 left on base; Chicago (APP) 0 - Helena 15 |
| TOP OF THE 9TH |
|
Chicago (APP) Cubs batting - Pitching for Helena Brewers : RHP Angel Pacheco
|
|
Batting: RHB Jorge Gonzalez
|
0-0: Called Strike 0-1: Ball 1-1: Foul Ball, location: 2F 1-2: Ball 2-2: Ball 3-2: Fly out, F8 (Flyball, 8RM, EV 81.9 MPH)
|
|
Batting: LHB Jose Mafano
|
0-0: Ball 1-0: Ground out U3 (Groundball, 3, EV 76.9 MPH)
|
|
Batting: RHB Andy Baumhardt
|
0-0: Ground out 3-1 (Groundball, 34S, EV 85.6 MPH)
|
| Top of the 9th over - 0 runs, 0 hits, 0 errors, 0 left on base; Chicago (APP) 0 - Helena 15 |
|